MWL (24 & UNDER)
PLUMSTEAD EAGLES @ BARRY'S BAY ORIOLES
09/06/2030
 
TOP OF THE 1ST
Plumstead Eagles batting - Pitching for Barry's Bay Orioles : RHP Luis Ruíz
Pitching: RHP Luis Ruíz
Batting: RHB Wayne Workman 0-0: Foul Ball, location: 2F
0-1: Ball
1-1: Ball
2-1: Swinging Strike
2-2: Ball
3-2: Strikes out swinging
Batting: RHB José Acuña 0-0: Ball
1-0: SINGLE (Groundball, 6MD)
Batting: LHB Conan Bush 0-0: Called Strike
0-1: SINGLE (Groundball, 4D)
José Acuña to second
Runner from 2nd tries for 3rd, SAFE, no throw
Batting: LHB Jerry Tolbert 0-0: Ball
1-0: Ball
Wild Pitch!
José Acuña scores
Conan Bush to second
2-0: Called Strike
2-1: Called Strike
2-2: Foul Ball, location: 2F
2-2: Strikes out swinging
Batting: LHB Miguel Gamboa 0-0: Ball
1-0: Called Strike
1-1: Ball
2-1: Ball
3-1: Foul Ball, location: 2F
3-2: Foul Ball, location: 2F
3-2: Base on Balls
Batting: LHB Joe Rutherford 0-0: Ball
1-0: Ground out 1-3 (Groundball, 13)
Top of the 1st over - 1 run, 2 hits, 0 errors, 2 left on base; Plumstead 1 - Barry's Bay 0
BOTTOM OF THE 1ST
Barry's Bay Orioles batting - Pitching for Plumstead Eagles : RHP Davis Morgan
Pitching: RHP Davis Morgan
Batting: RHB Howard Robinson 0-0: Ball
1-0: Ball
2-0: SINGLE (Groundball, 4) (infield hit)
Batting: RHB Jason Cook 0-0: Ball
1-0: Ball
2-0: Foul Ball, location: 2F
2-1: Ball
3-1: Base on Balls
Howard Robinson to second
Batting: LHB Chris Russell 0-0: Foul Ball, location: 2F
0-1: SINGLE (Line Drive, 5S)
Howard Robinson to third
Jason Cook to second
Runner from 3rd tries for Home, SAFE, no throw
Batting: RHB Dwayne Roldán 0-0: Ball
1-0: Foul Ball, location: 2F
1-1: SINGLE (Line Drive, 9S)
Jason Cook to third
Chris Russell to second
Runner from 3rd tries for Home, SAFE, no throw
Batting: LHB António Machado 0-0: Ball
1-0: Foul Ball, location: 2F
1-1: Ball
2-1: Swinging Strike
2-2: Strikes out looking
Batting: LHB Dave Sanders 0-0: Ball
1-0: Called Strike
1-1: Foul Ball, location: 2F
1-2: Ball
2-2: Foul Ball, location: 2F
2-2: Foul Ball, location: 2F
2-2: Ball
3-2: SINGLE (Groundball, 34D)
Chris Russell to third
Dwayne Roldán to second
Batting: RHB Bob Watson 0-0: Called Strike
0-1: SINGLE (Line Drive, 4D)
Chris Russell scores
Dwayne Roldán to third
Dave Sanders to second
Batting: RHB David Gallardo 0-0: Ball
1-0: Called Strike
1-1: Ball
2-1: Ball
3-1: Called Strike
3-2: Fly out, F7 (Flyball, 78D)
Runner from 3rd tags up, SCORES, throw made
Batting: RHB Nolan Houston 0-0: Foul Ball, location: 2F
0-1: Called Strike
0-2: Fly out, F7 (Line Drive, 78D)
Bottom of the 1st over - 4 runs, 5 hits, 0 errors, 2 left on base; Plumstead 1 - Barry's Bay 4
TOP OF THE 2ND
Plumstead Eagles batting - Pitching for Barry's Bay Orioles : RHP Luis Ruíz
Batting: RHB Jimmy Myers 0-0: Ball
1-0: Fly out, F3 (Popup, 3SF)
Batting: LHB António Álvarez 0-0: Called Strike
0-1: Foul Ball, location: 2F
0-2: Foul Ball, location: 2F
0-2: Ball
1-2: SINGLE (Groundball, 4MD)
Batting: LHB Roberto Rodríguez 0-0: Hit by Pitch
António Álvarez to second
Batting: RHB Wayne Workman 0-0: Ball
1-0: Fly out, F9 (Line Drive, 89D)
Runner from 2nd tags up, SAFE at 3rd, no throw
Batting: RHB José Acuña 0-0: Ball
1-0: Foul Ball, location: 2F
1-1: Swinging Strike
1-2: Strikes out looking
Top of the 2nd over - 0 runs, 1 hit, 0 errors, 2 left on base; Plumstead 1 - Barry's Bay 4
BOTTOM OF THE 2ND
Barry's Bay Orioles batting - Pitching for Plumstead Eagles : RHP Davis Morgan
Batting: RHB Howard Robinson 0-0: Called Strike
0-1: Called Strike
0-2: Ball
1-2: Ball
2-2: Ball
3-2: Ground out 4-3 (Groundball, 4)
Batting: RHB Jason Cook 0-0: SOLO HOME RUN (Flyball, 7D), Distance : 366 ft
Batting: LHB Chris Russell 0-0: Ball
1-0: Ball
2-0: Ball
3-0: Base on Balls
Batting: RHB Dwayne Roldán 0-0: Foul Ball, location: 2F
0-1: Foul Ball, location: 2F
0-2: Ball
1-2: Foul Ball, location: 2F
1-2: Ball
2-2: DOUBLE (Flyball, 8LXD)
Chris Russell to third
Runner from 3rd tries for Home, SAFE, no throw
Batting: LHB António Machado 0-0: Foul Ball, location: 2F
0-1: Ball
1-1: Foul Ball, location: 2F
1-2: Foul Ball, location: 2F
1-2: Foul Ball, location: 2F
1-2: Strikes out swinging
Batting: LHB Dave Sanders 0-0: Ground out 4-3 (Groundball, 4)
Bottom of the 2nd over - 2 runs, 2 hits, 0 errors, 1 left on base; Plumstead 1 - Barry's Bay 6
TOP OF THE 3RD
Plumstead Eagles batting - Pitching for Barry's Bay Orioles : RHP Luis Ruíz
Batting: LHB Conan Bush 0-0: Called Strike
0-1: Foul Ball, location: 2F
0-2: Ground out 3-1 (Groundball, 34S)
Batting: LHB Jerry Tolbert 0-0: Ground out 5-3 (Groundball, 56)
Batting: LHB Miguel Gamboa 0-0: Called Strike
0-1: Foul Ball, location: 2F
0-2: Fly out, F6 (Popup, P)
Top of the 3rd over - 0 runs, 0 hits, 0 errors, 0 left on base; Plumstead 1 - Barry's Bay 6
BOTTOM OF THE 3RD
Barry's Bay Orioles batting - Pitching for Plumstead Eagles : RHP Davis Morgan
Batting: RHB Bob Watson 0-0: Called Strike
0-1: Ball
1-1: Foul Ball, location: 2F
1-2: Strikes out swinging
Batting: RHB David Gallardo 0-0: Ball
1-0: Foul Ball, location: 2F
1-1: Ball
2-1: SINGLE (Line Drive, 6MD)
Batting: RHB Nolan Houston 0-0: Called Strike
0-1: Ball
1-1: Foul Ball, location: 2F
1-2: Fly out, F9 (Flyball, 9S)
Batting: RHB Howard Robinson 0-0: Ball
1-0: Ground out 4-3 (Groundball, 34)
Bottom of the 3rd over - 0 runs, 1 hit, 0 errors, 1 left on base; Plumstead 1 - Barry's Bay 6
TOP OF THE 4TH
Plumstead Eagles batting - Pitching for Barry's Bay Orioles : RHP Luis Ruíz
Batting: LHB Joe Rutherford 0-0: Ball
1-0: Swinging Strike
1-1: SINGLE (Groundball, 6MD)
Batting: RHB Jimmy Myers 0-0: Called Strike
0-1: Foul Ball, location: 2F
0-2: Foul Ball, location: 2F
0-2: Strikes out swinging
Batting: LHB António Álvarez 0-0: Ball
1-0: Grounds into double play, 6-4-3 (Groundball, 6)
Top of the 4th over - 0 runs, 1 hit, 0 errors, 0 left on base; Plumstead 1 - Barry's Bay 6
BOTTOM OF THE 4TH
Barry's Bay Orioles batting - Pitching for Plumstead Eagles : RHP Davis Morgan
Batting: RHB Jason Cook 0-0: Ball
1-0: Ball
2-0: Foul Ball, location: 2F
2-1: Ground out 5-3 (Groundball, 5L)
Batting: LHB Chris Russell 0-0: Ball
1-0: Foul Ball, location: 2F
1-1: Ball
2-1: Called Strike
2-2: Foul Ball, location: 2F
2-2: Strikes out swinging
Batting: RHB Dwayne Roldán 0-0: Ball
1-0: SINGLE (Groundball, 3D)
Batting: LHB António Machado 0-0: Called Strike
0-1: Ball
1-1: Called Strike
1-2: Ball
2-2: SINGLE (Groundball, 34D)
Dwayne Roldán to second
Runner from 2nd tries for 3rd, SAFE, no throw
Pitching: RHP Tim Whitacre
Batting: LHB Dave Sanders 0-0: Ball
1-0: Foul Ball, location: 2F
1-1: Ball
2-1: Ground out 4-3 (Groundball, 4)
Bottom of the 4th over - 0 runs, 2 hits, 0 errors, 2 left on base; Plumstead 1 - Barry's Bay 6
TOP OF THE 5TH
Plumstead Eagles batting - Pitching for Barry's Bay Orioles : RHP Luis Ruíz
Batting: LHB Roberto Rodríguez 0-0: Ball
1-0: Fly out, F9 (Flyball, 9LM)
Batting: RHB Wayne Workman 0-0: Called Strike
0-1: Ball
1-1: Foul Ball, location: 2F
1-2: Ground out 6-3 (Groundball, 56)
Batting: RHB José Acuña 0-0: Foul Ball, location: 2F
0-1: Foul Ball, location: 2F
0-2: Ball
1-2: Ball
2-2: Strikes out looking
Top of the 5th over - 0 runs, 0 hits, 0 errors, 0 left on base; Plumstead 1 - Barry's Bay 6
BOTTOM OF THE 5TH
Barry's Bay Orioles batting - Pitching for Plumstead Eagles : RHP Tim Whitacre
Batting: RHB Bob Watson 0-0: Ball
1-0: Foul Ball, location: 2F
1-1: Called Strike
1-2: Foul Ball, location: 2F
1-2: Foul Ball, location: 2F
1-2: Ball
2-2: Fly out, F4 (Flyball, 4D)
Batting: RHB David Gallardo 0-0: Called Strike
0-1: SINGLE (Flyball, 8RS)
Batting: RHB Nolan Houston 0-0: Called Strike
0-1: Ball
1-1: Ball
2-1: Ball
3-1: Called Strike
3-2: Base on Balls
David Gallardo to second
Batting: RHB Howard Robinson 0-0: Ball
1-0: Fielders Choice at 2nd, 4-6 (Groundball, 34)
David Gallardo to third
Batting: RHB Jason Cook 0-0: TRIPLE (Flyball, 8LXD)
David Gallardo scores
Howard Robinson scores
Batting: LHB Chris Russell 0-0: SINGLE (Groundball, 34S) (infield hit)
Jason Cook scores
Batting: RHB Dwayne Roldán 0-0: Ball
Wild Pitch!
Chris Russell to second
1-0: Foul Ball, location: 2F
1-1: Ball
2-1: Foul Ball, location: 2F
2-2: Strikes out swinging
Bottom of the 5th over - 3 runs, 3 hits, 0 errors, 1 left on base; Plumstead 1 - Barry's Bay 9
TOP OF THE 6TH
Plumstead Eagles batting - Pitching for Barry's Bay Orioles : RHP Luis Ruíz
Batting: LHB Conan Bush 0-0: Ball
1-0: Ground out 4-3 (Groundball, 4)
Batting: LHB Jerry Tolbert 0-0: Ball
1-0: SINGLE (Flyball, 9LM)
Batting: LHB Miguel Gamboa 0-0: DOUBLE (Flyball, 7)
Jerry Tolbert to third
Batting: LHB Joe Rutherford 0-0: Called Strike
0-1: Ball
1-1: Foul Ball, location: 2F
1-2: Fly out, F8 (Flyball, 8LD)
Runner from 3rd tags up, SCORES, throw made
Batting: RHB Jimmy Myers 0-0: Called Strike
0-1: Called Strike
0-2: Strikes out looking
Top of the 6th over - 1 run, 2 hits, 0 errors, 1 left on base; Plumstead 2 - Barry's Bay 9
BOTTOM OF THE 6TH
Barry's Bay Orioles batting - Pitching for Plumstead Eagles : RHP Tim Whitacre
Batting: LHB António Machado 0-0: Ground out 5-3 (Groundball, 56)
Batting: LHB Dave Sanders 0-0: Ball
1-0: Foul Ball, location: 2F
1-1: Ball
2-1: Called Strike
2-2: Ball
3-2: Foul Ball, location: 2F
3-2: Fly out, F7 (Line Drive, 78D)
Batting: RHB Bob Watson 0-0: Called Strike
0-1: Ball
1-1: SOLO HOME RUN (Flyball, 7D), Distance : 354 ft
Batting: RHB David Gallardo 0-0: Called Strike
0-1: Ball
1-1: Ball
2-1: Foul Ball, location: 2F
2-2: Foul Ball, location: 2F
2-2: SINGLE (Line Drive, 4M)
Batting: RHB Nolan Houston 0-0: Called Strike
0-1: Ball
1-1: Foul Ball, location: 2F
1-2: Foul Ball, location: 2F
1-2: Ball
2-2: Fly out, F3 (Popup, 3F)
Bottom of the 6th over - 1 run, 2 hits, 0 errors, 1 left on base; Plumstead 2 - Barry's Bay 10
TOP OF THE 7TH
Plumstead Eagles batting - Pitching for Barry's Bay Orioles : RHP Luis Ruíz
Batting: LHB António Álvarez 0-0: Ball
1-0: Ball
2-0: Ball
3-0: Called Strike
3-1: Ground out U3 (Groundball, 34)
Batting: LHB Roberto Rodríguez 0-0: Ball
1-0: SOLO HOME RUN (Flyball, 9D), Distance : 358 ft
Batting: RHB Wayne Workman 0-0: Swinging Strike
0-1: Ball
1-1: Fly out, F8 (Flyball, 8RD)
Batting: RHB José Acuña 0-0: Ball
1-0: Called Strike
1-1: SINGLE (Line Drive, 6MD)
Batting: LHB Conan Bush 0-0: Ball
1-0: Ground out 1-3 (Groundball, 13)
Top of the 7th over - 1 run, 2 hits, 0 errors, 1 left on base; Plumstead 3 - Barry's Bay 10
BOTTOM OF THE 7TH
Barry's Bay Orioles batting - Pitching for Plumstead Eagles : RHP Tim Whitacre
Batting: RHB Howard Robinson 0-0: Ball
1-0: Foul Ball, location: 2F
1-1: Ball
2-1: Foul Ball, location: 2F
2-2: Strikes out swinging
Batting: RHB Jason Cook 0-0: Fly out, F9 (Flyball, 9S)
Batting: LHB Chris Russell 0-0: Ball
1-0: Called Strike
1-1: Called Strike
1-2: Ball
2-2: Strikes out swinging
Bottom of the 7th over - 0 runs, 0 hits, 0 errors, 0 left on base; Plumstead 3 - Barry's Bay 10
TOP OF THE 8TH
Plumstead Eagles batting - Pitching for Barry's Bay Orioles : RHP Luis Ruíz
Batting: LHB Jerry Tolbert 0-0: Ball
1-0: SINGLE (Line Drive, 56D)
Batting: LHB Miguel Gamboa 0-0: Ball
1-0: Called Strike
1-1: Foul Ball, location: 2F
1-2: DOUBLE (Line Drive, 9LM)
Jerry Tolbert to third
Runner from 3rd tries for Home, SAFE, no throw
Pitching: RHP Phil Wright
Batting: LHB Joe Rutherford 0-0: Ball
1-0: Ball
2-0: Called Strike
2-1: SINGLE (Line Drive, 8RS)
Miguel Gamboa to third
Batting: RHB Jimmy Myers 0-0: Foul Ball, location: 2F
0-1: Foul Ball, location: 2F
0-2: Ball
1-2: Ball
2-2: Foul Ball, location: 2F
2-2: Ball
3-2: Foul Ball, location: 2F
3-2: DOUBLE (Line Drive, 9LM)
Miguel Gamboa scores
Joe Rutherford to third
Batting: LHB António Álvarez 0-0: Ball
1-0: Foul Ball, location: 2F
1-1: Ball
2-1: Ball
3-1: Foul Ball, location: 2F
3-2: Strikes out swinging
Batting: LHB Roberto Rodríguez 0-0: Ball
1-0: Ball
2-0: Ball
3-0: Swinging Strike
3-1: Swinging Strike
3-2: Fly out, F4 (Popup, 4)
Batting: RHB Wayne Workman 0-0: Ball
Wild Pitch!
Joe Rutherford scores
Jimmy Myers to third
1-0: Foul Ball, location: 2F
1-1: Ground out 6-3 (Groundball, 6)
Top of the 8th over - 3 runs, 4 hits, 0 errors, 1 left on base; Plumstead 6 - Barry's Bay 10
BOTTOM OF THE 8TH
Barry's Bay Orioles batting - Pitching for Plumstead Eagles : RHP Tim Whitacre
Pitching: RHP John Bauer
Batting: RHB Dwayne Roldán 0-0: SOLO HOME RUN (Flyball, 89XD), Distance : 377 ft
Batting: LHB António Machado 0-0: Ball
1-0: Swinging Strike
1-1: Swinging Strike
1-2: Strikes out swinging
Batting: LHB Dave Sanders 0-0: Ball
1-0: Ball
2-0: Foul Ball, location: 2F
2-1: Foul Ball, location: 2F
2-2: Ball
3-2: SINGLE (Line Drive, 56D)
Batting: RHB Bob Watson 0-0: Called Strike
0-1: Ball
1-1: Ball
2-1: Swinging Strike
2-2: Ball
3-2: Base on Balls
Dave Sanders to second
Batting: RHB David Gallardo 0-0: Foul Ball, location: 2F
0-1: Ball
1-1: Called Strike
1-2: Strikes out looking
Batting: RHB Nolan Houston 0-0: Called Strike
0-1: Called Strike
0-2: Foul Ball, location: 2F
0-2: Ball
1-2: SINGLE (Groundball, 23) (infield hit)
Dave Sanders to third
Bob Watson to second
Batting: RHB Howard Robinson 0-0: Ball
1-0: Ball
2-0: Ball
3-0: Base on Balls
Dave Sanders scores
Bob Watson to third
Nolan Houston to second
Batting: RHB Jason Cook 0-0: Fly out, F4 (Popup, 4M)
Bottom of the 8th over - 2 runs, 3 hits, 0 errors, 3 left on base; Plumstead 6 - Barry's Bay 12
TOP OF THE 9TH
Plumstead Eagles batting - Pitching for Barry's Bay Orioles : RHP Phil Wright
Batting: RHB José Acuña 0-0: Foul Ball, location: 2F
0-1: Reached on error, E5 (Groundball, 56)
Batting: LHB Conan Bush 0-0: Swinging Strike
0-1: Ball
1-1: Ball
2-1: Ball
3-1: SINGLE (Groundball, 23) (infield hit)
José Acuña to third
Batting: LHB Jerry Tolbert 0-0: Ball
1-0: Ball
2-0: Ball
3-0: Called Strike
3-1: Base on Balls
Conan Bush to second
Batting: LHB Miguel Gamboa 0-0: Called Strike
0-1: Fly out, F8 (Flyball, 8LM)
Runner from 3rd tags up, SCORES, no throw
Batting: LHB Joe Rutherford 0-0: Fly out, F6 (Line Drive, 6)
Batting: RHB Jimmy Myers 0-0: Fielders Choice at 2nd, 5-4 (Groundball, 5)
Top of the 9th over - 1 run, 1 hit, 1 error, 2 left on base; Plumstead 7 - Barry's Bay 12
Saturday, April 7th, 2018 - OOTP Baseball 18.8 Build 76